 Dungeon Crawl Stone Soup version 0.30-a0-776-g08fbeb92c1 (webtiles) character file.

Game seed: 14423689026678543012

558 Lavandula the Slasher (level 7, 0/52 HPs)
             Began as a Human Monk on Feb 13, 2023.
             Slain by a white imp (1 damage)
             ... on level 5 of the Dungeon.
             The game lasted 00:05:08 (2645 turns).

Lavandula the Slasher (Human Monk)                  Turns: 2645, Time: 00:05:09

Health: 0/52       AC:  5    Str: 13    XL:     7   Next: 56%
Magic:  7/7        EV: 11    Int: 10    God:
Gold:   157        SH:  0    Dex: 16    Spells: 6/6 levels left

rFire   . . .      SeeInvis .    u - +2 short sword (elec)
rCold   . . .      Faith    .    (no shield)
rNeg    . . .      Spirit   .    t - +0 ring mail
rPois   +          Reflect  .    (no helmet)
rElec   .          Harm     .    (no cloak)
rCorr   .          Rampage  .    (no gloves)
Will    .....                    (no boots)
Stlth   +                        (no amulet)
HPRegen 0.28/turn                d - ring of poison resistance
MPRegen 0.10/turn                (no ring)

@: hasted, very quick
A: no striking features
a: no special abilities


You were on level 5 of the Dungeon.
You visited 1 branch of the dungeon, and saw 5 of its levels.

You collected 157 gold pieces.

Inventory:

Hand Weapons
 a - a +0 falchion
 n - a +4 short sword
 u - a +2 short sword of electrocution (weapon)
Missiles
 o - 8 poisoned darts (quivered)
Armour
 b - a +0 robe
 t - a +0 ring mail (worn)
Jewellery
 d - a ring of poison resistance (left hand)
 r - a ring of fire
Scrolls
 e - a scroll of summoning {unknown}
 f - 8 scrolls of identify {unknown}
 h - 5 scrolls of teleportation {unknown}
 i - a scroll of amnesia {unknown}
 l - a scroll of fear {unknown}
Potions
 c - a potion of ambrosia
 g - a potion of berserk rage {unknown}
 j - 2 potions of curing
 k - a potion of mutation {unknown}
 m - a potion of degeneration {unknown}
 p - 2 potions of magic {unknown}
 q - a potion of lignification {unknown}


   Skills:
 - Level 3.0 Fighting
 + Level 5.6(6.7) Short Blades
 - Level 5.7(6.8) Long Blades
 - Level 3.0 Dodging
 - Level 2.0 Stealth


You had 6 spell levels left.
You didn't know any spells.
Your spell library contained the following spells:

 Spells                   Type           Power      Damage    Failure   Level
 Kiss of Death            Conj/Necr      0%         2d5       63%         1
 Shock                    Conj/Air       0%         1d3       63%         1
 Confusing Touch          Hex            0%         N/A       94%         3
 Portal Projectile        Hex/Tloc       0%         N/A       94%         3
 Swiftness                Air            0%         N/A       94%         3
 Tukima's Dance           Hex            0%         N/A       94%         3
 Airstrike                Air            0%         2d(0-16)  100%        4
 Dispel Undead            Necr           0%         3d6       100%        4
 Blade Hands              Tmut           0%         N/A       100%        5


Dungeon Overview and Level Annotations

Branches:
Dungeon (5/15)
 Temple: D:4-7

Altars:

Annotations:
D:3 1 runed translucent door, Touch's ghost, amateur DsHu
D:4 Dowan


Message History

Duvessa is heavily wounded.
Dowan gestures at Duvessa while chanting.
Duvessa seems to speed up.
Duvessa drinks a potion.
Duvessa is healed!
You hit Duvessa but do no damage. Lightning courses through Duvessa!
Duvessa is severely wounded.
Duvessa hits you with a +0 short sword!
You closely miss Duvessa.
Duvessa is severely wounded.
Dowan gestures at you while chanting. The puff of flame hits you.
You hit Duvessa but do no damage. Lightning courses through Duvessa!
Your punch misses Duvessa.
Duvessa is almost dead.
Duvessa hits you with a +0 short sword.
* * * LOW HITPOINT WARNING * * *
You hit Duvessa but do no damage.
Duvessa is almost dead.
Dowan barely misses you. Duvessa hits you with a +0 short sword.
* * * LOW HITPOINT WARNING * * *
You hit Duvessa. Lightning courses through Duvessa!
You kill Duvessa!
Dowan screams, "No!
No!"
Dowan seems to find hidden reserves of power!
Dowan gestures wildly while chanting.
Dowan blinks!
Your base Short Blades skill increases to level 5!
Items here: ( ) [ †.
There is an escape hatch in the floor here.
Dowan points at you and mumbles some strange words.
The stone arrow hits you!
* * * LOW HITPOINT WARNING * * *
You slide downwards.
The hatch slams shut behind you.
Found a trident and a scroll labelled ROEVVU ECEMU.
Found a stone staircase leading down.
A white imp is nearby!
The white imp shouts, "Escape, thou skyhacking spur-galled hedge-pig!"
You hit the white imp but do no damage. You punch the white imp.
The white imp is moderately wounded.
The white imp hits you.
You die...

#. .##..
##.###.... #
........#.
##.....#..
##....?..##
#.......).#
#.........##
#....@.....#
.........5....#
####............
#.......>.#..
#.........# .
#.........#
#.........#
#.........#


You could see a white imp.

Vanquished Creatures
  Grinder (D:4)
  Duvessa (D:4)
  A necrophage (D:3)
  A howler monkey (D:3)
  An iguana (D:4)
  4 adders
  3 dart slugs
  An orc (D:3)
  4 ball pythons
  2 endoplasms
  14 giant cockroaches
  4 hobgoblins
  7 jackals
  4 quokkas
  4 bats
  6 frilled lizards
  9 goblins
  8 kobolds
  6 rats
81 creatures vanquished.

Notes
Turn   | Place    | Note
-------+----------+-------------------------------------------
     0 | D:1      | Lavandula the Human Monk began the quest for the Orb.
     0 | D:1      | Reached XP level 1. HP: 18/18 MP: 1/1
    62 | D:1      | Reached XP level 2. HP: 4/24 MP: 2/2
   389 | D:1      | Reached XP level 3. HP: 25/29 MP: 3/3
   499 | D:1      | Found a faded altar of an unknown god.
   742 | D:2      | Reached XP level 4. HP: 34/35 MP: 4/4
  1127 | D:3      | Reached skill level 5 in Long Blades
  1127 | D:3      | Reached XP level 5. HP: 27/41 MP: 5/5
  1423 | D:3      | Found a runed translucent door.
  1424 | D:3      | Noticed Touch's ghost (amateur DsHu)
  2143 | D:4      | Noticed Dowan
  2148 | D:4      | Noticed Duvessa
  2164 | D:3      | Reached XP level 6. HP: 39/47 MP: 6/6
  2424 | D:4      | Noticed Grinder
  2430 | D:4      | Paralysed by Grinder for 4 turns
  2438 | D:4      | Paralysed by Grinder for 5 turns
  2445 | D:4      | Killed Grinder
  2446 | D:4      | Reached XP level 7. HP: 52/52 MP: 7/7
  2632 | D:4      | Killed Duvessa
  2633 | D:4      | Reached skill level 5 in Short Blades
  2642 | D:4      | HP: 1/52 [Dowan/stone arrow (9)]
  2643 | D:5      | Entered Level 5 of the Dungeon
  2645 | D:5      | Slain by a white imp

Illustrated notes

Levels and vault maps discovered:
D:1:      amcnicky_arrival_choice, layout_rooms,
          shapermc_ecumenical_altar_mp_urbaneastern
D:2:      layout_rooms, roderic_lattice_a
D:3:      minmay_roachtagon, layout_loops_ring, gammafunk_ghost_grave,
          kennysheep_small_spiral, minmay_misc_feat_iff,
          corexii_leaking_fountain
D:4:      layout_basic, uniq_grinder, uniq_crazy_yiuf_cottage, uniq_duvessa,
          uniq_blork_the_orc
D:5:      lemuel_ice_spiral_2, layout_rooms, mainiacjoe_overflow_tiny_flanked,
          gammafunk_ghost_nasty_kobolds, serial_bayou_crossing

Skill      XL: |  1  2  3  4  5  6  7 |
---------------+----------------------+-----
Long Blades    | 4 5 |  5.7
Short Blades   | 2 4 5 |  5.6
Fighting       | |  3.0
Dodging        | |  3.0
Stealth        | |  2.0

Action                     |  1- 3 |  4- 6 |  7- 9 || total
---------------------------+-------+-------+-------++-------
  Melee: Falchion          |    81 |    79 |       ||   160
         Punch             |     1 |     1 |     1 ||     3
         Short sword       |       |    94 |    20 ||   114
  Throw: Dart              |       |     5 |       ||     5
    Use: Potion            |       |       |     1 ||     1
   Stab: Sleeping          |     1 |     3 |       ||     4
         Distracted        |       |     1 |       ||     1
 Armour: Robe              |    18 |    12 |       ||    30
         Ring mail         |       |     9 |     4 ||    13
  Dodge: Dodged            |    88 |    88 |     8 ||   184

Table legend: (Time is in decaauts)
 A = Elapsed time spent in this place.
 B = Non-inter-level travel time spent in this place.
 C = Inter-level travel time spent in this place.
 D = Time resting spent in this place.
 E = Time spent auto-exploring this place.
 F = Levels seen in this place.
 G = Mean time per level.
                   A        B        C        D        E       F      G
               +--------+--------+--------+--------+--------+-----+--------+
         Total |   2626 |   2486 |    140 |    225 |   1644 |   5 |  525.2 |
       Dungeon |   2626 |   2486 |    140 |    225 |   1644 |   5 |  525.2 |
               +--------+--------+--------+--------+--------+-----+--------+

Top non-repeatable levels by time:
     D:3: 1142 daAuts
     D:2: 591 daAuts
     D:1: 536 daAuts
     D:4: 354 daAuts
     D:5: 1 daAuts
